| TOP OF THE 1ST |
|
San Antonio Missions batting - Pitching for Memphis Blues : RHP Salvador Flores
|
|
Pitching: RHP Salvador Flores
|
|
|
Batting: RHB Ivan Calderon
|
0-0: Foul Ball, location: 2F 0-1: Ball 1-1: Swinging Strike 1-2: Ball 2-2: Ground out 3-1 (Groundball, 13, EV 90.6 MPH)
|
|
Batting: RHB Amos Lewis
|
0-0: Ball 1-0: Ball 2-0: Ball 3-0: Called Strike 3-1: Base on Balls
|
|
Batting: RHB Ed Hearn
|
0-0: Ball 1-0: SINGLE (Groundball, 56D, EV 110.6 MPH) Amos Lewis to second
|
|
Batting: RHB Larry Hamilton
|
0-0: Called Strike 0-1: Ball 1-1: Called Strike 1-2: Ball 2-2: Ball 3-2: Base on Balls Amos Lewis to third Ed Hearn to second
|
|
Batting: LHB Lee Pruitt
|
0-0: Ball 1-0: Grounds into fielders choice 1-2 (Groundball, 23, EV 66.9 MPH) Ed Hearn to third Larry Hamilton to second
|
|
Batting: RHB Jack Clark
|
0-0: Ball 1-0: Foul Ball, location: 2F 1-1: Swinging Strike 1-2: Ball 2-2: DOUBLE (Line Drive, 9LM, EV 108.8 MPH) Ed Hearn scores Larry Hamilton scores Lee Pruitt to third Runner from 3rd tries for Home, SAFE, throw by RF to home
|
|
Batting: LHB Jerold Johnston
|
0-0: Fly out, F9 (Line Drive, 9, EV 100.0 MPH)
|
| Top of the 1st over - 3 runs, 2 hits, 0 errors, 1 left on base; San Antonio 3 - Memphis 0 |
| BOTTOM OF THE 1ST |
|
Memphis Blues batting - Pitching for San Antonio Missions : RHP Miguel Hernandez
|
|
Pitching: RHP Miguel Hernandez
|
|
|
Batting: RHB Mariano Duncan
|
0-0: Foul Ball, location: 2F 0-1: Ball 1-1: Hit by Pitch
|
|
Batting: RHB Augustine Garrett
|
0-0: Called Strike 0-1: Fly out, F7 (Line Drive, 7, EV 91.9 MPH)
|
|
Batting: LHB David Christianson
|
0-0: Ball Mariano Duncan steals 2nd base 1-0: Foul Ball, location: 2F 1-1: Called Strike 1-2: Strikes out looking
|
|
Batting: RHB Chris James
|
0-0: Ground out 5-3 (Groundball, 5L, EV 105.6 MPH)
|
| Bottom of the 1st over - 0 runs, 0 hits, 0 errors, 1 left on base; San Antonio 3 - Memphis 0 |
| TOP OF THE 2ND |
|
San Antonio Missions batting - Pitching for Memphis Blues : RHP Salvador Flores
|
|
Batting: RHB Andrew Walker
|
0-0: Called Strike 0-1: Ball 1-1: Foul Ball, location: 2F 1-2: Ball 2-2: Strikes out looking
|
|
Batting: RHB Archie Amerson
|
0-0: Ball 1-0: Called Strike 1-1: Called Strike 1-2: DOUBLE (Line Drive, 89XD, EV 103.1 MPH)
|
|
Batting: RHB Ivan Calderon
|
0-0: Called Strike 0-1: Foul Ball, location: 2F 0-2: Strikes out swinging
|
|
Batting: RHB Amos Lewis
|
0-0: Foul Ball, location: 2F 0-1: Ball 1-1: SINGLE (Groundball, 34D, EV 83.8 MPH) (infield hit) Archie Amerson to third
|
|
Batting: RHB Ed Hearn
|
0-0: Ball 1-0: Ball 2-0: Called Strike 2-1: Ball 3-1: Called Strike 3-2: SINGLE (Popup, 4D, EV 46.9 MPH) Archie Amerson scores Amos Lewis to second Amos Lewis to third
|
|
Batting: RHB Larry Hamilton
|
0-0: Ball 1-0: Ball 2-0: Foul Ball, location: 2F 2-1: Foul Ball, location: 2F 2-2: Fielders Choice at 2nd, 6-4 (Groundball, 6, EV 103.1 MPH)
|
| Top of the 2nd over - 1 run, 3 hits, 0 errors, 2 left on base; San Antonio 4 - Memphis 0 |
| BOTTOM OF THE 2ND |
|
Memphis Blues batting - Pitching for San Antonio Missions : RHP Miguel Hernandez
|
|
Batting: RHB Randy Filkins
|
0-0: Ball 1-0: Ball 2-0: Called Strike 2-1: Ball 3-1: Foul Ball, location: 2F 3-2: Base on Balls
|
|
Batting: LHB Don Jacoby
|
0-0: Called Strike 0-1: Foul Ball, location: 2F 0-2: DOUBLE (Line Drive, 8LD, EV 101.3 MPH) Randy Filkins to third
|
|
Batting: RHB Dave Penniall
|
0-0: Ball 1-0: Ball 2-0: Foul Ball, location: 2F 2-1: Swinging Strike 2-2: Ball 3-2: Ground out 6-3 (Groundball, 6, EV 105.6 MPH) Randy Filkins scores
|
|
Batting: RHB Bradley Shames
|
0-0: Ball 1-0: Ground out 3-1 (Groundball, 34, EV 77.5 MPH) Don Jacoby to third
|
|
Batting: RHB William Muth
|
0-0: Foul Ball, location: 2F 0-1: SINGLE (Groundball, 4S, EV 61.9 MPH) (infield hit) Don Jacoby scores
|
|
Batting: RHB Mariano Duncan
|
Pickoff Throw to First - Error! E1 William Muth to second 0-0: Ball 1-0: SINGLE (Line Drive, 34D, EV 104.4 MPH) William Muth to third Runner from 3rd tries for Home, SAFE, throw by RF to home Mariano Duncan to second
|
|
Batting: RHB Augustine Garrett
|
0-0: Hit by Pitch
|
|
Batting: LHB David Christianson
|
0-0: Ball 1-0: SINGLE (Groundball, 4MD, EV 97.5 MPH) Mariano Duncan to third Augustine Garrett to second Runner from 3rd tries for Home, SAFE, throw by CF to home
|
|
Batting: RHB Chris James
|
0-0: Ball 1-0: Ball 2-0: Fly out, F8 (Flyball, 8LD, EV 94.4 MPH)
|
| Bottom of the 2nd over - 4 runs, 4 hits, 1 error, 2 left on base; San Antonio 4 - Memphis 4 |
| TOP OF THE 3RD |
|
San Antonio Missions batting - Pitching for Memphis Blues : RHP Salvador Flores
|
|
Batting: LHB Lee Pruitt
|
0-0: Foul Ball, location: 2F 0-1: Foul Ball, location: 2F 0-2: Ball 1-2: Ball 2-2: Strikes out swinging
|
|
Batting: RHB Jack Clark
|
0-0: Ball 1-0: Called Strike 1-1: Ball 2-1: Foul Ball, location: 2F 2-2: Fly out, F7 (Flyball, 7, EV 73.8 MPH)
|
|
Batting: LHB Jerold Johnston
|
0-0: Ball 1-0: Called Strike 1-1: Ball 2-1: Ball 3-1: Ground out 5-3 (Groundball, 56S, EV 88.8 MPH)
|
| Top of the 3rd over - 0 runs, 0 hits, 0 errors, 0 left on base; San Antonio 4 - Memphis 4 |
| BOTTOM OF THE 3RD |
|
Memphis Blues batting - Pitching for San Antonio Missions : RHP Miguel Hernandez
|
|
Batting: RHB Randy Filkins
|
0-0: Called Strike 0-1: Swinging Strike 0-2: Foul Ball, location: 2F 0-2: Strikes out swinging
|
|
Batting: LHB Don Jacoby
|
0-0: Ball 1-0: Ball 2-0: Fly out, F8 (Flyball, 8LD, EV 93.1 MPH)
|
|
Batting: RHB Dave Penniall
|
0-0: Foul Ball, location: 2F 0-1: Ball 1-1: Called Strike 1-2: Foul Ball, location: 2F 1-2: Strikes out looking
|
| Bottom of the 3rd over - 0 runs, 0 hits, 0 errors, 0 left on base; San Antonio 4 - Memphis 4 |
| TOP OF THE 4TH |
|
San Antonio Missions batting - Pitching for Memphis Blues : RHP Salvador Flores
|
|
Batting: RHB Andrew Walker
|
0-0: Ball 1-0: Ball 2-0: Ball 3-0: Base on Balls
|
|
Batting: RHB Archie Amerson
|
0-0: Ball 1-0: Called Strike 1-1: Swinging Strike 1-2: Strikes out swinging
|
|
Batting: RHB Ivan Calderon
|
0-0: Foul Ball, location: 2F 0-1: Grounds into double play, 4-6-3 (Groundball, 34, EV 81.3 MPH)
|
| Top of the 4th over - 0 runs, 0 hits, 0 errors, 0 left on base; San Antonio 4 - Memphis 4 |
| BOTTOM OF THE 4TH |
|
Memphis Blues batting - Pitching for San Antonio Missions : RHP Miguel Hernandez
|
|
Batting: RHB Bradley Shames
|
0-0: Foul Ball, location: 2F 0-1: Ball 1-1: Ground out 5-3 (Groundball, 5L, EV 87.5 MPH)
|
|
Batting: RHB William Muth
|
0-0: Fly out, F9 (Flyball, 89D, EV 103.1 MPH)
|
|
Batting: RHB Mariano Duncan
|
0-0: Ground out 4-3 (Groundball, 4, EV 84.4 MPH)
|
| Bottom of the 4th over - 0 runs, 0 hits, 0 errors, 0 left on base; San Antonio 4 - Memphis 4 |
| TOP OF THE 5TH |
|
San Antonio Missions batting - Pitching for Memphis Blues : RHP Salvador Flores
|
|
Batting: RHB Amos Lewis
|
0-0: Foul Ball, location: 2F 0-1: SOLO HOME RUN (Flyball, 7D, EV 103.8 MPH), Distance : 387 ft
|
|
Batting: RHB Ed Hearn
|
0-0: Swinging Strike 0-1: Ball 1-1: Swinging Strike 1-2: Foul Ball, location: 2F 1-2: Ball 2-2: Ball 3-2: Strikes out swinging
|
|
Batting: RHB Larry Hamilton
|
0-0: Called Strike 0-1: Foul Ball, location: 2F 0-2: Ball 1-2: Foul Ball, location: 2F 1-2: Ground out 6-3 (Groundball, 6S, EV 81.3 MPH)
|
|
Batting: LHB Lee Pruitt
|
0-0: Called Strike 0-1: Swinging Strike 0-2: Fly out, F8 (Flyball, 8RXD, EV 99.4 MPH)
|
| Top of the 5th over - 1 run, 1 hit, 0 errors, 0 left on base; San Antonio 5 - Memphis 4 |
| BOTTOM OF THE 5TH |
|
Memphis Blues batting - Pitching for San Antonio Missions : RHP Miguel Hernandez
|
|
Batting: RHB Augustine Garrett
|
0-0: Ball 1-0: Fly out, F9 (Line Drive, 9, EV 85.6 MPH)
|
|
Batting: LHB David Christianson
|
0-0: Called Strike 0-1: Swinging Strike 0-2: Foul Ball, location: 2F 0-2: Ball 1-2: Ball 2-2: Fly out, F9 (Flyball, 9, EV 98.8 MPH)
|
|
Batting: RHB Chris James
|
0-0: Fly out, F9 (Flyball, 9LM, EV 96.9 MPH)
|
| Bottom of the 5th over - 0 runs, 0 hits, 0 errors, 0 left on base; San Antonio 5 - Memphis 4 |
| TOP OF THE 6TH |
|
San Antonio Missions batting - Pitching for Memphis Blues : RHP Salvador Flores
|
|
Batting: RHB Jack Clark
|
0-0: Ground out 6-3 (Groundball, 6, EV 91.9 MPH)
|
|
Batting: LHB Jerold Johnston
|
0-0: Foul Ball, location: 2F 0-1: Ball 1-1: Called Strike 1-2: Ground out 3-1 (Groundball, 34, EV 76.9 MPH)
|
|
Batting: RHB Andrew Walker
|
0-0: Called Strike 0-1: Ball 1-1: SOLO HOME RUN (Flyball, 7D, EV 106.3 MPH), Distance : 363 ft
|
|
Pitching: RHP Mark Humphrey
|
|
|
Batting: RHB Archie Amerson
|
0-0: Called Strike 0-1: Ball 1-1: Ball 2-1: SINGLE (Line Drive, 4D, EV 99.4 MPH)
|
|
Batting: RHB Ivan Calderon
|
0-0: Ball 1-0: Called Strike 1-1: Ball 2-1: Called Strike 2-2: Ball 3-2: 2-RUN HOME RUN (Flyball, 7D, EV 93.1 MPH), Distance : 369 ft
|
|
Batting: RHB Amos Lewis
|
0-0: Ball 1-0: Swinging Strike 1-1: SINGLE (Groundball, 56D, EV 104.4 MPH)
|
|
Batting: RHB Ed Hearn
|
0-0: Foul Ball, location: 2F 0-1: 2-RUN HOME RUN (Flyball, 8RXD, EV 98.8 MPH), Distance : 427 ft
|
|
Pitching: RHP Anthony Threatt
|
|
|
Batting: RHB Larry Hamilton
|
0-0: Ball 1-0: Called Strike 1-1: Ball 2-1: Swinging Strike 2-2: Foul Ball, location: 2F 2-2: Strikes out looking
|
| Top of the 6th over - 5 runs, 5 hits, 0 errors, 0 left on base; San Antonio 10 - Memphis 4 |
| BOTTOM OF THE 6TH |
|
Memphis Blues batting - Pitching for San Antonio Missions : RHP Miguel Hernandez
|
|
Batting: RHB Randy Filkins
|
0-0: Called Strike 0-1: Ground out U3 (Groundball, 3L, EV 103.8 MPH)
|
|
Batting: LHB Don Jacoby
|
0-0: Called Strike 0-1: Fly out, F6 (Popup, 6M, EV 71.3 MPH)
|
|
Batting: RHB Dave Penniall
|
0-0: Foul Ball, location: 2F 0-1: Ball 1-1: Ball 2-1: Ground out 1-3 (Groundball, 34S, EV 71.9 MPH)
|
| Bottom of the 6th over - 0 runs, 0 hits, 0 errors, 0 left on base; San Antonio 10 - Memphis 4 |
| TOP OF THE 7TH |
|
San Antonio Missions batting - Pitching for Memphis Blues : RHP Anthony Threatt
|
|
Batting: LHB Lee Pruitt
|
0-0: Ball 1-0: Called Strike 1-1: Ball 2-1: Swinging Strike 2-2: Ball 3-2: Base on Balls
|
|
Batting: RHB Jack Clark
|
0-0: Called Strike 0-1: Swinging Strike 0-2: Ball 1-2: Strikes out swinging
|
|
Batting: LHB Jerold Johnston
|
0-0: Swinging Strike 0-1: Called Strike 0-2: Foul Ball, location: 2F 0-2: Ball 1-2: Ball 2-2: Strikes out swinging
|
|
Batting: RHB Andrew Walker
|
0-0: Ball 1-0: Foul Ball, location: 2F 1-1: Ball 2-1: Ball 3-1: Base on Balls Lee Pruitt to second
|
|
Batting: RHB Archie Amerson
|
0-0: Swinging Strike 0-1: Swinging Strike 0-2: Foul Ball, location: 2F 0-2: Strikes out swinging
|
| Top of the 7th over - 0 runs, 0 hits, 0 errors, 2 left on base; San Antonio 10 - Memphis 4 |
| BOTTOM OF THE 7TH |
|
Memphis Blues batting - Pitching for San Antonio Missions : RHP Miguel Hernandez
|
|
Batting: RHB Bradley Shames
|
0-0: Called Strike 0-1: Ball 1-1: Ball 2-1: Ground out 4-3 (Groundball, 34, EV 86.9 MPH)
|
|
Batting: RHB William Muth
|
0-0: Foul Ball, location: 2F 0-1: Ball 1-1: Ball 2-1: Ball 3-1: Swinging Strike 3-2: Base on Balls
|
|
Batting: RHB Mariano Duncan
|
0-0: Ball 1-0: Ball 2-0: Ground out 6-3 (Groundball, 6S, EV 70.0 MPH) William Muth to second
|
|
Batting: RHB Augustine Garrett
|
0-0: Called Strike 0-1: SINGLE (Groundball, 6S, EV 70.6 MPH) (infield hit) William Muth to third
|
|
Batting: LHB David Christianson
|
0-0: Ball Wild Pitch! William Muth scores Augustine Garrett to second 1-0: Ball 2-0: Called Strike 2-1: Ball 3-1: Called Strike 3-2: Ground out U3 (Groundball, 3L, EV 89.4 MPH)
|
| Bottom of the 7th over - 1 run, 1 hit, 0 errors, 1 left on base; San Antonio 10 - Memphis 5 |
| TOP OF THE 8TH |
|
San Antonio Missions batting - Pitching for Memphis Blues : RHP Anthony Threatt
|
|
Pitching: RHP William Purdy
|
|
|
Batting: RHB Ivan Calderon
|
0-0: Ball 1-0: Called Strike 1-1: Called Strike 1-2: Strikes out swinging
|
|
Batting: RHB Amos Lewis
|
0-0: Swinging Strike 0-1: Ground out 6-3 (Groundball, 6, EV 91.9 MPH)
|
|
Batting: RHB Ed Hearn
|
0-0: Ball 1-0: Called Strike 1-1: Ball 2-1: Foul Ball, location: 2F 2-2: Ball 3-2: Fly out, F7 (Flyball, 7LM, EV 98.1 MPH)
|
| Top of the 8th over - 0 runs, 0 hits, 0 errors, 0 left on base; San Antonio 10 - Memphis 5 |
| BOTTOM OF THE 8TH |
|
Memphis Blues batting - Pitching for San Antonio Missions : RHP Miguel Hernandez
|
|
Batting: RHB Chris James
|
0-0: Called Strike 0-1: Ball 1-1: Ground out 5-3 (Groundball, 5, EV 86.9 MPH)
|
|
Batting: RHB Randy Filkins
|
0-0: Ground out 6-3 (Groundball, 6, EV 103.1 MPH)
|
|
Batting: LHB Don Jacoby
|
0-0: Called Strike 0-1: Swinging Strike 0-2: Ball 1-2: Ground out 6-3 (Groundball, 6, EV 83.8 MPH)
|
| Bottom of the 8th over - 0 runs, 0 hits, 0 errors, 0 left on base; San Antonio 10 - Memphis 5 |
| TOP OF THE 9TH |
|
San Antonio Missions batting - Pitching for Memphis Blues : RHP William Purdy
|
|
Batting: RHB Larry Hamilton
|
0-0: Foul Ball, location: 2F 0-1: Ball 1-1: Foul Ball, location: 2F 1-2: Ball 2-2: Strikes out looking
|
|
Batting: LHB Lee Pruitt
|
0-0: Ball 1-0: Ball 2-0: Foul Ball, location: 2F 2-1: Ball 3-1: Foul Ball, location: 2F 3-2: Foul Ball, location: 2F 3-2: SINGLE (Groundball, 34D, EV 93.8 MPH)
|
|
Batting: RHB Jack Clark
|
0-0: Swinging Strike 0-1: Swinging Strike 0-2: Strikes out swinging
|
|
Batting: LHB Jerold Johnston
|
0-0: Foul Ball, location: 2F 0-1: Called Strike 0-2: Ball 1-2: Strikes out looking
|
| Top of the 9th over - 0 runs, 1 hit, 0 errors, 1 left on base; San Antonio 10 - Memphis 5 |
| BOTTOM OF THE 9TH |
|
Memphis Blues batting - Pitching for San Antonio Missions : RHP Miguel Hernandez
|
|
Batting: RHB Dave Penniall
|
0-0: Called Strike 0-1: Ball 1-1: Ball 2-1: Fly out, F8 (Line Drive, 8RD, EV 99.4 MPH)
|
|
Batting: RHB Bradley Shames
|
0-0: Called Strike 0-1: Ball 1-1: Called Strike 1-2: Foul Ball, location: 2F 1-2: Ball 2-2: Ball 3-2: Ground out 1-3 (Groundball, 34S, EV 68.1 MPH)
|
|
Batting: RHB William Muth
|
0-0: Foul Ball, location: 2F 0-1: Ball 1-1: Ball 2-1: Foul Ball, location: 2F 2-2: DOUBLE (Line Drive, 8RD, EV 110.0 MPH)
|
|
Pitching: LHP John Hills
|
|
|
Batting: RHB Mariano Duncan
|
0-0: Ball 1-0: Ball 2-0: SINGLE (Line Drive, 8LS, EV 108.1 MPH) William Muth to third
|
|
Batting: RHB Augustine Garrett
|
0-0: Ball 1-0: Fly out, F8 (Flyball, 8RD, EV 86.9 MPH)
|
| Bottom of the 9th over - 0 runs, 2 hits, 0 errors, 2 left on base; San Antonio 10 - Memphis 5 |
|